 Dungeon Crawl Stone Soup version 0.31-a0-263-ge8cad7f256 (webtiles) character file.

Game seed: 11301523655158014963

55 qw the Shooter (level 3, 0/21 HPs)
             Began as a Gargoyle Hexslinger on July 13, 2023.
             Frozen to death by an endoplasm (4 damage)
             ... on level 3 of the Dungeon.
             The game lasted 00:00:37 (1917 turns).

qw the Shooter (Gargoyle Hexslinger)                Turns: 1917, Time: 00:00:38

Health: 0/21       AC:  8    Str: 11    XL:     3   Next: 93%
Magic:  4/4        EV: 10    Int: 13    God:
Gold:   107        SH:  0    Dex: 14    Spells: 3/4 levels left

rFire   . . .        Y - +2 sling
rCold   . . .        (no shield)
rNeg    + . .        e - +0 ring mail
rPois   inf          (no helmet)
rElec   +            (no cloak)
rCorr   .            (no gloves)
SInv    .            (no boots)
Will    .....        (no amulet)
Stlth   +            (no ring)
HPRegen 0.23/turn    (no ring)
MPRegen 0.09/turn

%: no passive effects
@: no status effects
A: sickness immunity, AC +3, negative energy resistance 1, electricity
resistance, torment resistance 1, petrification resistance
a: no special abilities


You were on level 3 of the Dungeon.
You visited 1 branch of the dungeon, and saw 3 of its levels.

You collected 107 gold pieces.


Innate Abilities, Weirdness & Mutations

You are immune to sickness and miasma.
Your stone body is resilient. (AC +3)
You are immune to poison.
You resist negative energy. (rN+)
You are resistant to electric shocks. (rElec)
You are resistant to unholy torment.
You are immune to petrification.


   Skills:
 - Level 2.0 Fighting
 + Level 3.8 Ranged Weapons
 - Level 1.5 Dodging
 - Level 1.0 Spellcasting
 - Level 2.6 Hexes


You had 3 spell levels left.
You knew the following spells:

 Your Spells              Type           Power      Damage    Failure   Level
a - Slow                  Hex            28%        N/A       22%         1

Your spell library contained the following spells:

 Spells                   Type           Power      Damage    Failure   Level
 Inner Flame              Hex/Fire       4%         N/A       75%         3
 Portal Projectile        Hex/Tloc       8%         N/A       75%         3
 Cause Fear               Hex            3%         N/A       92%         4

Inventory:

Hand Weapons
 Y - a +2 sling (weapon)
Armour
 e - a +0 ring mail (worn)
Scrolls
 a - a scroll of identify {unknown}
Potions
 b - a potion of ambrosia {unknown}
 f - a potion of degeneration {unknown}
 g - a potion of curing {unknown}

Dungeon Overview and Level Annotations

Branches:
Dungeon (3/15)

Altars:
Gozag
Hepliaklqana
The Shining One

Shops:
D:1 =


Message History

You shoot a sling bullet.
The sling bullet hits the endoplasm but does no damage.
You shoot a sling bullet. The sling bullet hits the worm.
The worm is lightly wounded.
The worm closely misses you.
You shoot a sling bullet.
The sling bullet barely misses the worm.
You shoot a sling bullet. The sling bullet hits the worm.
The worm is moderately wounded.
The worm barely misses you.
You shoot a sling bullet. The sling bullet hits the worm.
The worm is heavily wounded.
The worm bites you!
You shoot a sling bullet. The sling bullet hits the worm.
The worm is severely wounded.
The worm bites you!
You shoot a sling bullet.
The sling bullet hits the worm but does no damage.
The worm is heavily wounded.
The worm misses you.
You shoot a sling bullet. The sling bullet hits the worm.
The worm is severely wounded.
You shoot a sling bullet. The sling bullet hits the worm.
You kill the worm!
You shoot a sling bullet. The sling bullet hits the endoplasm.
The endoplasm is moderately wounded.
The endoplasm barely misses you. x2
You shoot a sling bullet. The sling bullet hits the endoplasm.
The endoplasm is severely wounded.
The endoplasm freezes you.
You are frozen.
You shoot a sling bullet.
The sling bullet hits the endoplasm but does no damage.
The endoplasm is severely wounded.
The endoplasm barely misses you. The endoplasm closely misses you.
You shoot a sling bullet. The sling bullet hits the endoplasm.
The endoplasm is almost dead.
The endoplasm freezes you.
You are frozen.
You die...

############### ##.. ...
......# ...##(##...##.#
##. #..#.#..#..#.#
#...##.....##..#.#
........_......#.## ##
##.....##.:...####.
#.@#.#..#..........
#..J##.##............
....... .............##.
...................####.
...>.....#.........# #.
........#######....# ##
#.$..... ###### #
#[..... ###
############..


You could see an endoplasm.

Vanquished Creatures
  An adder (D:3)
  2 worms (D:3)
  An orc (D:2)
  3 endoplasms
  3 giant cockroaches
  6 goblins
  A hobgoblin (D:2)
  3 kobolds
  5 quokkas
  A ball python (D:2)
  3 bats
  3 frilled lizards
  4 rats
36 creatures vanquished.

Notes
Turn   | Place    | Note
-------+----------+-------------------------------------------
     0 | D:1      | qw the Gargoyle Hexslinger began the quest for the Orb.
     0 | D:1      | Reached XP level 1. HP: 12/12 MP: 2/2
     0 | D:1      | 0 ||| qw: Version: 0.3-a-52-g30416fa
     0 | D:1      | 0 ||| qw: Game counter: 7420
     0 | D:1      | 0 ||| qw: Melee chars always use a shield: true
     0 | D:1      | 0 ||| qw: God list: Okawaru
     0 | D:1      | 0 ||| qw: Allow faded altars: false
     0 | D:1      | 0 ||| qw: Do Orc after clearing Dungeon:15 true
     0 | D:1      | 0 ||| qw: Do second Lair branch before Depths: true
     0 | D:1      | 0 ||| qw: Lair rune preference: random
     0 | D:1      | 0 ||| qw: Goals: Normal
     0 | D:1      | 0 ||| PLANNING D:1-11
   190 | D:1      | Reached XP level 2. HP: 16/16 MP: 3/3
   228 | D:1      | Found Bogaloev's Jewellery Emporium.
   232 | D:1      | 232 ||| SHOPLISTING +4 ring of protection (468 gold, have
                  | 40).
   232 | D:1      | 232 ||| SHOPLISTING amulet of regeneration (390 gold, have
                  | 40).
   232 | D:1      | 232 ||| SHOPLISTING ring of positive energy (260 gold, have
                  | 40).
   232 | D:1      | 232 ||| SHOPLISTING ring of protection from cold (325 gold,
                  | have 40).
   232 | D:1      | 232 ||| SHOPLISTING ring of resist corrosion (260 gold,
                  | have 40).
   232 | D:1      | 232 ||| SHOPLISTING ring of the Harvest {rPois Will+ Int-4
                  | Dex+6} (577 gold, have 40).
   629 | D:1      | 629 ||| UPGRADING to +0 ring mail.
   639 | D:1      | 639 ||| DROPPING +0 robe.
   640 | D:1      | 640 ||| READING scroll labelled QYSUAV TAPHATRU.
   641 | D:1      | 641 ||| DROPPING scroll of poison.
   672 | D:2      | Reached skill level 3 in Ranged Weapons
   686 | D:2      | Found a faded altar of an unknown god.
  1114 | D:2      | Reached XP level 3. HP: 21/21 MP: 4/4
  1515 | D:2      | 1515 ||| READING scroll labelled AJAUCAPSANOET.
  1519 | D:2      | 1519 ||| READING scroll labelled GULIGO UXKUIMP.
  1520 | D:2      | 1520 ||| READING scroll labelled NOUNWU JIFITEF.
  1521 | D:2      | 1521 ||| DRINKING 2 amethyst potions.
  1522 | D:2      | 1522 ||| DROPPING potion of attraction.
  1559 | D:3      | Found a hazy altar of Hepliaklqana.
  1649 | D:3      | Found an opulent altar of Gozag.
  1887 | D:3      | Found a glowing golden altar of the Shining One.
  1910 | D:3      | HP: 4/21 [worm (8)]
  1915 | D:3      | HP: 3/21 [frozen (3)]
  1917 | D:3      | Frozen to death by an endoplasm

Levels and vault maps discovered:
D:1:      giann_bridges, layout_loops_ring, serial_shops,
          nicolae_shop_gaudy_bauble, minmay_tromino_v2
D:2:      layout_loops_corners, ebering_ecumenical_altar_hall
D:3:      wad_woods_stonehenge, layout_rooms,
          mainiacjoe_overflow_six_doors_small,
          mainiacjoe_overflow_small_starburst

Skill      XL: |  1  2  3 |
---------------+----------+-----
Ranged Weapons | 3 |  3.8
Fighting       | 2 |  2.0
Dodging        | |  1.5
Spellcasting   | |  1.0
Hexes          | |  2.6

Action                     || total
---------------------------++-------
   Fire: Sling             ||   143
    Use: Scroll            ||     4
         Potion            ||     1
 Armour: Robe              ||     6
         Ring mail         ||    33
  Dodge: Dodged            ||    49

Table legend:
 A = Non-vault XP
 B = Vault XP
 C = Vault XP percentage of total XP
 D = Non-vault monster count
 E = Vault monster count
 F = Vault count percentage of total count
                 A         B        C        D         E       F
            +---------+---------+-------+---------+---------+-------
      Total |      71 |       8 |  10.1 |      31 |       5 |  13.9
            +---------+---------+-------+---------+---------+-------
        D:1 |      17 |       1 |   5.6 |      10 |       1 |   9.1
        D:2 |      22 |       0 |   0.0 |      13 |       0 |   0.0
        D:3 |      32 |       7 |  17.9 |       8 |       4 |  33.3
            +---------+---------+-------+---------+---------+-------
